SAA
WESTWOOD SIXSHOOTERS @ LONG ISLAND SEAWOLVES
08/14/2021
 
TOP OF THE 1ST
Westwood Sixshooters batting - Pitching for Long Island Seawolves : RHP Jim Unknown
Pitching: RHP Jim Unknown
Batting: RHB Sergio Martínez 0-0: Ball
1-0: Ground out 4-3 (Groundball, 4)
Batting: LHB George Best 0-0: Called Strike
0-1: Ball
1-1: DOUBLE (Line Drive, 9LS)
Batting: RHB Jason Boyer 0-0: Ball
1-0: Called Strike
1-1: Foul Ball, location: 2F
1-2: Ball
2-2: Strikes out swinging
Batting: RHB Brandon Cooper 0-0: Foul Ball, location: 2F
0-1: Called Strike
0-2: Ball
1-2: Reached on error, E5 (Groundball, 56S)
George Best scores
Batting: RHB Jorge Morales 0-0: Called Strike
0-1: Foul Ball, location: 2F
0-2: Ball
1-2: Ball
2-2: Fly out, F9 (Flyball, 89M)
Top of the 1st over - 1 run(s), 1 hit(s), 1 error(s), 1 left on base; Westwood 1 - Long Island 0
BOTTOM OF THE 1ST
Long Island Seawolves batting - Pitching for Westwood Sixshooters : RHP Jorge Carrión
Pitching: RHP Jorge Carrión
Batting: RHB Jim Unknown 0-0: SINGLE (Line Drive, 7S)
Batting: SHB Terry Conley 0-0: Called Strike
0-1: Foul Ball, location: 2F
0-2: Ball
1-2: Fly out, F6 (Popup, 6MD)
Batting: SHB Carroll Kline 0-0: Ball
1-0: Ball
Jim Unknown is caught stealing 2nd base
2-0: Called Strike
2-1: Foul Ball, location: 2F
2-2: Ball
3-2: Foul Ball, location: 2F
3-2: SINGLE (Line Drive, 78M)
Batting: RHB Roy Clay 0-0: Ball
1-0: Ball
Carroll Kline steals 2nd base
2-0: Called Strike
2-1: SINGLE (Line Drive, 56)
Carroll Kline to third
Runner from 3rd tries for Home, SAFE, throw made home
Batting: RHB Jim Unknown 0-0: Foul Ball, location: 2F
0-1: Ball
1-1: Swinging Strike
1-2: Foul Ball, location: 2F
1-2: Ball
2-2: Fly out, F9 (Flyball, 89M)
Bottom of the 1st over - 1 run(s), 3 hit(s), 0 error(s), 1 left on base; Westwood 1 - Long Island 1
TOP OF THE 2ND
Westwood Sixshooters batting - Pitching for Long Island Seawolves : RHP Jim Unknown
Batting: SHB Ethan Jollymour 0-0: Fly out, F7 (Flyball, 7M)
Batting: RHB Don Thomas 0-0: Called Strike
0-1: Ball
1-1: Ball
2-1: Ground out 6-3 (Groundball, 6M)
Batting: RHB Richard Hicks 0-0: Ball
1-0: Called Strike
1-1: Called Strike
1-2: Ground out 4-3 (Groundball, 4)
Top of the 2nd over - 0 run(s), 0 hit(s), 0 error(s), 0 left on base; Westwood 1 - Long Island 1
BOTTOM OF THE 2ND
Long Island Seawolves batting - Pitching for Westwood Sixshooters : RHP Jorge Carrión
Batting: RHB David Morales 0-0: Ball
1-0: Ball
2-0: Called Strike
2-1: Ball
3-1: Base on Balls
Batting: SHB Jim Unknown 0-0: Ground out 4-3 (Groundball, 4M)
David Morales to second
Batting: RHB Jim Unknown 0-0: Ball
1-0: Fly out, F4 (Popup, 4)
Batting: LHB Jim Unknown 0-0: Ball
1-0: Foul Ball, location: 2F
1-1: Ball
2-1: Foul Ball, location: 2F
2-2: Strikes out swinging
Bottom of the 2nd over - 0 run(s), 0 hit(s), 0 error(s), 1 left on base; Westwood 1 - Long Island 1
TOP OF THE 3RD
Westwood Sixshooters batting - Pitching for Long Island Seawolves : RHP Jim Unknown
Batting: RHB Winston Sparks 0-0: Foul Ball, location: 2F
0-1: Swinging Strike
0-2: Ball
1-2: Strikes out looking
Batting: RHB Sergio Martínez 0-0: SINGLE (Line Drive, 34)
Batting: LHB George Best 0-0: Foul Ball, location: 2F
0-1: Ball
1-1: Ball
2-1: Swinging Strike
2-2: Ball
3-2: SINGLE (Groundball, 34D) (infield hit)
Sergio Martínez to second
Batting: RHB Jason Boyer 0-0: Called Strike
0-1: Ball
1-1: Ball
2-1: Foul Ball, location: 2F
2-2: Fielders Choice at 3rd, U5 (Groundball, 5L)
George Best to second
Batting: RHB Brandon Cooper 0-0: Ball
1-0: Ball
2-0: Ball
3-0: Called Strike
3-1: Base on Balls
George Best to third
Jason Boyer to second
Batting: RHB Jorge Morales 0-0: Ball
1-0: Swinging Strike
1-1: Ball
2-1: Swinging Strike
2-2: Ball
3-2: Strikes out swinging
Top of the 3rd over - 0 run(s), 2 hit(s), 0 error(s), 3 left on base; Westwood 1 - Long Island 1
BOTTOM OF THE 3RD
Long Island Seawolves batting - Pitching for Westwood Sixshooters : RHP Jorge Carrión
Batting: RHB Jim Unknown 0-0: Foul Ball, location: 2F
0-1: Ball
1-1: SINGLE (Groundball, 6)
Batting: SHB Terry Conley 0-0: Ball
1-0: Fly out, F7 (Flyball, 7M)
Batting: SHB Carroll Kline 0-0: Foul Ball, location: 2F
0-1: Ball
1-1: Foul Ball, location: 2F
1-2: Ball
2-2: Ball
3-2: SINGLE (Flyball, 7S)
Jim Unknown to second
Batting: RHB Roy Clay 0-0: Called Strike
0-1: Swinging Strike
0-2: Strikes out swinging
Batting: RHB Jim Unknown 0-0: Foul Ball, location: 2F
0-1: Ball
1-1: Ball
2-1: Called Strike
2-2: Fly out, F4 (Line Drive, 4)
Bottom of the 3rd over - 0 run(s), 2 hit(s), 0 error(s), 2 left on base; Westwood 1 - Long Island 1
TOP OF THE 4TH
Westwood Sixshooters batting - Pitching for Long Island Seawolves : RHP Jim Unknown
Batting: SHB Ethan Jollymour 0-0: Ball
1-0: Called Strike
1-1: Foul Ball, location: 2F
1-2: Ball
2-2: Foul Ball, location: 2F
2-2: Strikes out swinging
Batting: RHB Don Thomas 0-0: Called Strike
0-1: Ball
1-1: Foul Ball, location: 2F
1-2: Ball
2-2: Ground out 6-3 (Groundball, 6M)
Batting: RHB Richard Hicks 0-0: Ball
1-0: Ground out 6-3 (Groundball, 6M)
Top of the 4th over - 0 run(s), 0 hit(s), 0 error(s), 0 left on base; Westwood 1 - Long Island 1
BOTTOM OF THE 4TH
Long Island Seawolves batting - Pitching for Westwood Sixshooters : RHP Jorge Carrión
Batting: RHB David Morales 0-0: Foul Ball, location: 2F
0-1: Foul Ball, location: 2F
0-2: Ball
1-2: Ground out 6-3 (Groundball, 6)
Batting: SHB Jim Unknown 0-0: Ball
1-0: Ball
2-0: Ball
3-0: Called Strike
3-1: Called Strike
3-2: SINGLE (Groundball, 34D)
Batting: RHB Jim Unknown 0-0: Ball
1-0: Fly out, F7 (Flyball, 78M)
Batting: LHB Jim Unknown 0-0: Ball
1-0: SINGLE (Line Drive, 4MD)
Jim Unknown to second
Batting: RHB Jim Unknown 0-0: SINGLE (Line Drive, 6MD)
Jim Unknown to third
Jim Unknown to second
Runner from 3rd tries for Home, SAFE, no throw or cutoff
Batting: SHB Terry Conley 0-0: Ball
1-0: Called Strike
1-1: Called Strike
1-2: Reached on error, E1 (Groundball, 13)
Jim Unknown to third
Jim Unknown to second
Batting: SHB Carroll Kline 0-0: Foul Ball, location: 2F
0-1: Foul Ball, location: 2F
0-2: Strikes out swinging
Bottom of the 4th over - 1 run(s), 3 hit(s), 1 error(s), 3 left on base; Westwood 1 - Long Island 2
TOP OF THE 5TH
Westwood Sixshooters batting - Pitching for Long Island Seawolves : RHP Jim Unknown
Batting: RHB Winston Sparks 0-0: Called Strike
0-1: Ball
1-1: Ground out 6-3 (Groundball, 6)
Batting: RHB Sergio Martínez 0-0: Ball
1-0: Called Strike
1-1: Called Strike
1-2: Strikes out swinging
Batting: LHB George Best 0-0: Called Strike
0-1: Foul Ball, location: 2F
0-2: Ball
1-2: Ground out 4-3 (Groundball, 4)
Top of the 5th over - 0 run(s), 0 hit(s), 0 error(s), 0 left on base; Westwood 1 - Long Island 2
BOTTOM OF THE 5TH
Long Island Seawolves batting - Pitching for Westwood Sixshooters : RHP Jorge Carrión
Batting: RHB Roy Clay 0-0: Ball
1-0: Ball
2-0: Called Strike
2-1: Fly out, F3 (Popup, 3SF)
Batting: RHB Jim Unknown 0-0: Ball
1-0: Swinging Strike
1-1: Ball
2-1: SINGLE (Groundball, 5L)
Batting: RHB David Morales 0-0: Ball
1-0: Called Strike
1-1: Foul Ball, location: 2F
1-2: Strikes out looking
Batting: SHB Jim Unknown 0-0: Called Strike
0-1: SINGLE (Groundball, 56D)
Jim Unknown to second
Batting: RHB Jim Unknown 0-0: Called Strike
0-1: Foul Ball, location: 2F
0-2: Strikes out swinging
Bottom of the 5th over - 0 run(s), 2 hit(s), 0 error(s), 2 left on base; Westwood 1 - Long Island 2
TOP OF THE 6TH
Westwood Sixshooters batting - Pitching for Long Island Seawolves : RHP Jim Unknown
Batting: RHB Jason Boyer 0-0: Called Strike
0-1: Foul Ball, location: 2F
0-2: Foul Ball, location: 2F
0-2: Strikes out swinging
Batting: RHB Brandon Cooper 0-0: Ball
1-0: Foul Ball, location: 2F
1-1: Called Strike
1-2: Ball
2-2: Ball
3-2: Fly out, F4 (Popup, 4)
Batting: RHB Jorge Morales 0-0: Ball
1-0: Ball
2-0: Foul Ball, location: 2F
2-1: Ground out 4-3 (Groundball, 4)
Top of the 6th over - 0 run(s), 0 hit(s), 0 error(s), 0 left on base; Westwood 1 - Long Island 2
BOTTOM OF THE 6TH
Long Island Seawolves batting - Pitching for Westwood Sixshooters : RHP Jorge Carrión
Batting: LHB Jim Unknown 0-0: Called Strike
0-1: Ball
1-1: Foul Ball, location: 2F
1-2: Foul Ball, location: 2F
1-2: Foul Ball, location: 2F
1-2: Foul Ball, location: 2F
1-2: Strikes out swinging
Batting: RHB Jim Unknown 0-0: Foul Ball, location: 2F
0-1: Ball
1-1: Ball
2-1: Swinging Strike
2-2: Strikes out looking
Batting: SHB Terry Conley 0-0: Ball
1-0: Ball
2-0: Swinging Strike
2-1: Fly out, F6 (Popup, 6MD)
Bottom of the 6th over - 0 run(s), 0 hit(s), 0 error(s), 0 left on base; Westwood 1 - Long Island 2
TOP OF THE 7TH
Westwood Sixshooters batting - Pitching for Long Island Seawolves : RHP Jim Unknown
Batting: SHB Ethan Jollymour 0-0: Ball
1-0: Called Strike
1-1: Called Strike
1-2: Foul Ball, location: 2F
1-2: Fly out, F6 (Popup, 6MS)
Batting: RHB Don Thomas 0-0: Ball
1-0: Ball
2-0: Ball
3-0: Base on Balls
Batting: RHB Richard Hicks 0-0: Ball
Don Thomas steals 2nd base
1-0: Ground out 4-3 (Groundball, 4)
Don Thomas to third
Pinch Hitting: LHB Davis Mills 0-0: Ball
1-0: Ball
2-0: Ball
3-0: Base on Balls
Pinch Hitting: LHB José Martínez 0-0: Called Strike
0-1: Ball
1-1: Ball
2-1: Foul Ball, location: 2F
2-2: Ball
3-2: Foul Ball, location: 2F
3-2: Foul Ball, location: 2F
3-2: Base on Balls
Davis Mills to second
Pitching: RHP Jim Unknown
Batting: LHB George Best 0-0: Ball
1-0: SINGLE (Groundball, 25) (infield hit)
Don Thomas scores
Davis Mills to third
José Martínez to second
Batting: RHB Jason Boyer 0-0: Ball
1-0: Ball
2-0: Foul Ball, location: 2F
2-1: Swinging Strike
2-2: Ball
3-2: Strikes out swinging
Top of the 7th over - 1 run(s), 1 hit(s), 0 error(s), 3 left on base; Westwood 2 - Long Island 2
BOTTOM OF THE 7TH
Long Island Seawolves batting - Pitching for Westwood Sixshooters : RHP Jorge Carrión
Pitching: RHP Paul Abbott
Now at 2B: Arnold Smith
Now at SS: Luis Medina
Batting: SHB Carroll Kline 0-0: SINGLE (Line Drive, 89M)
Batting: RHB Roy Clay 0-0: Foul Ball, location: 2F
0-1: Foul Ball, location: 2F
0-2: Ball
1-2: Ball
2-2: Foul Ball, location: 2F
2-2: Foul Ball, location: 2F
2-2: Ball
3-2: Base on Balls
Carroll Kline to second
Batting: RHB Jim Unknown 0-0: Called Strike
0-1: Ball
1-1: DOUBLE (Groundball, 5L)
Carroll Kline scores
Roy Clay to third
Batting: RHB David Morales 0-0: Ball
1-0: Called Strike
1-1: SINGLE (Groundball, 6D)
Roy Clay scores
Jim Unknown to third
Batting: SHB Jim Unknown 0-0: Ball
1-0: Called Strike
1-1: Ball
2-1: Fly out, F8 (Flyball, 8RM)
Runner from 3rd tags up, SCORES, throw made
Pitching: RHP John Tanner
Batting: RHB Jim Unknown 0-0: Ball
David Morales is caught stealing 2nd base
1-0: Ball
2-0: Fly out, F8 (Flyball, 8LD)
Bottom of the 7th over - 3 run(s), 3 hit(s), 0 error(s), 0 left on base; Westwood 2 - Long Island 5
TOP OF THE 8TH
Westwood Sixshooters batting - Pitching for Long Island Seawolves : RHP Jim Unknown
Batting: RHB Brandon Cooper 0-0: Ball
1-0: Called Strike
1-1: Called Strike
1-2: Foul Ball, location: 2F
1-2: Fly out, F9 (Flyball, 9LM)
Batting: RHB Jorge Morales 0-0: Foul Ball, location: 2F
0-1: Called Strike
0-2: Ball
1-2: Strikes out swinging
Batting: SHB Ethan Jollymour 0-0: Ball
1-0: Swinging Strike
1-1: Foul Ball, location: 2F
1-2: Strikes out swinging
Top of the 8th over - 0 run(s), 0 hit(s), 0 error(s), 0 left on base; Westwood 2 - Long Island 5
BOTTOM OF THE 8TH
Long Island Seawolves batting - Pitching for Westwood Sixshooters : RHP John Tanner
Batting: LHB Jim Unknown 0-0: Ball
1-0: Ball
2-0: Foul Ball, location: 2F
2-1: Foul Ball, location: 2F
2-2: Foul Ball, location: 2F
2-2: SINGLE (Groundball, 34D)
Batting: RHB Jim Unknown 0-0: Sac Bunt - play at first, batter OUT! 1-3
Jim Unknown to second
Batting: SHB Terry Conley 0-0: Foul Ball, location: 2F
0-1: Swinging Strike
0-2: Foul Ball, location: 2F
0-2: Ball
1-2: Foul Ball, location: 2F
1-2: Ball
2-2: Strikes out swinging
Batting: SHB Carroll Kline 0-0: Swinging Strike
0-1: Swinging Strike
0-2: Ball
1-2: Ground out 6-3 (Groundball, 6)
Bottom of the 8th over - 0 run(s), 1 hit(s), 0 error(s), 1 left on base; Westwood 2 - Long Island 5
TOP OF THE 9TH
Westwood Sixshooters batting - Pitching for Long Island Seawolves : RHP Jim Unknown
Pitching: RHP Jim Unknown
Batting: RHB Don Thomas 0-0: Called Strike
0-1: Ball
1-1: DOUBLE (Line Drive, 8RM)
Batting: RHB Richard Hicks 0-0: Called Strike
0-1: Foul Ball, location: 2F
0-2: Strikes out swinging
Batting: LHB Luis Medina 0-0: Ball
1-0: Foul Ball, location: 2F
1-1: Ball
2-1: Foul Ball, location: 2F
2-2: Ball
3-2: Foul Ball, location: 2F
3-2: Fly out, F7 (Flyball, 7LSF)
Batting: SHB Arnold Smith 0-0: Called Strike
0-1: Ball
1-1: Foul Ball, location: 2F
1-2: Ball
2-2: Ground out U3 (Groundball, 3L)
Top of the 9th over - 0 run(s), 1 hit(s), 0 error(s), 1 left on base; Westwood 2 - Long Island 5
This league is powered by Out of the Park Baseball, the baseball management simulation game for PC, Mac and Linux
Friday, January 22nd, 2016 - OOTP Baseball 16.9 Build 39